 Seeded DCSS version 0.30.1-9-gdf580d7c3d (webtiles) character file.

Game seed: 9106806156630997546 (custom seed)

7550 Psyclone the Thaumaturge (level 10, 64/64 HPs)
             Began as a Deep Elf Conjurer on Oct 9, 2023.
             Was an Initiate of Gozag.
             Quit the game on level 9 of the Dungeon.
             The game lasted 00:29:35 (10982 turns).

Psyclone the Thaumaturge (Deep Elf Conjurer)       Turns: 10982, Time: 00:29:36

Health: 64/64      AC:  8    Str:  4    XL:     10   Next: 96%
Magic:  18/37      EV: 22    Int: 30    God:    Gozag
Gold:   241        SH:  5    Dex: 17    Spells: 22/33 levels left

rFire   . . .        N - +5 dagger of the Eleven Seas {vamp, MP+9 SInv}
rCold   . . .        (no shield)
rNeg    . . .        c - +0 robe
rPois   +            d - +0 helmet
rElec   .            H - +0 cloak
rCorr   .            u - +0 pair of gloves
SInv    +            D - +2 pair of boots
Will    +....        h - amulet of Luotuh {Reflect Int+2 Dex+4 SH+5 SInv Stlth-}
Stlth   +            t - +5 ring of evasion
HPRegen 0.30/turn    k - ring of poison resistance
MPRegen 0.25/turn

%: reflection
@: studying Throwing
A: no striking features
a: Renounce Religion, Potion Petition, Call Merchant, Bribe Branch


You were on level 9 of the Dungeon.
You worshipped Gozag.
Gozag was aware of your devotion.
You visited 2 branches of the dungeon, and saw 10 of its levels.
You also visited: Sewer.

You collected 3000 gold pieces.
You spent 1213 gold pieces at shops.
You paid 1546 gold pieces to Gozag.

Inventory:

Hand Weapons
 N - the +5 dagger of the Eleven Seas (weapon) {vamp, MP+9 SInv}
   (You bought it in a shop on level 7 of the Dungeon)

   MP:        It affects your magic capacity (+9).
   SInv:      It lets you see invisible.
Armour
 c - a +0 robe (worn)
 d - a +0 helmet (worn)
 u - a +0 pair of gloves (worn)
 D - a +2 pair of boots (worn)
 H - a +0 cloak (worn)
 K - a +0 kite shield
 O - a +2 robe
Jewellery
 h - the amulet of Luotuh (around neck) {Reflect Int+2 Dex+4 SH+5 SInv Stlth-}
   (You bought it in a shop on level 1 of the Dungeon)

   [amulet of reflection]

   It reflects blocked missile attacks.
   Int:       It affects your intelligence (+2).
   Dex:       It affects your dexterity (+4).
   SInv:      It lets you see invisible.
   SH:        It affects your SH (+5).
   Stlth:     It makes you less stealthy.
 k - a ring of poison resistance (right hand)
 t - a +5 ring of evasion (left hand)
 w - a ring of flight
 L - a ring of willpower
Wands
 F - a wand of paralysis (11)
Scrolls
 a - 2 scrolls of magic mapping {unknown}
 i - 3 scrolls of teleportation {unknown}
 j - 2 scrolls of blinking {unknown}
 o - a scroll of noise {unknown}
 r - 5 scrolls of poison {unknown}
 s - 5 scrolls of enchant armour {unknown}
 v - a scroll of fear {unknown}
 x - a scroll of vulnerability {unknown}
 y - 3 scrolls of enchant weapon {unknown}
 z - a scroll of brand weapon {unknown}
 A - a scroll of fog {unknown}
 B - 7 scrolls of identify {unknown}
 E - 2 scrolls of immolation {unknown}
Potions
 b - 3 potions of magic
 e - a potion of haste {unknown}
 f - a potion of invisibility {unknown}
 g - 5 potions of brilliance {unknown}
 l - a potion of lignification {unknown}
 m - 6 potions of curing {unknown}
 n - a potion of berserk rage {unknown}
 p - 2 potions of might {unknown}
 q - 2 potions of attraction {unknown}
 C - a potion of degeneration {unknown}
 G - 2 potions of flight {unknown}
 I - 2 potions of heal wounds {unknown}
 J - 2 potions of mutation {unknown}


   Skills:
 + Level 8.0 Fighting
 - Level 9.0 Dodging
 - Level 2.4 Stealth
 - Level 12.0 Spellcasting
 - Level 12.0 Conjurations


You had 22 spell levels left.
You knew the following spells:

 Your Spells              Type           Power      Damage    Failure   Level
a - Magic Dart            Conj           100%       1d8       1%          1
b - Searing Ray           Conj           100%       2d8       1%          2
d - Fulminant Prism       Conj/Hex       26%        3d14      2%          4
e - Iskenderun's Mystic   Conj/Tloc      52%        2d11      2%          4

Your spell library contained the following spells:

 Spells                   Type           Power      Damage    Failure   Level
 Foxfire                  Conj/Fire      100%       2x1d9     1%          1
 Dazzling Flash           Conj/Hex       100%       N/A       1%          3
 Apportation              Tloc           36%        N/A       2%          1
 Flame Wave               Conj/Fire      52%        2d13      2%          4
 Scorch                   Fire           36%        2d7       4%          2
 Fireball                 Conj/Fire      26%        3d12      7%          5
 Leda's Liquefaction      Hex/Erth       9%         N/A       28%         4
 Starburst                Conj/Fire      26%        6d8       36%         6
 Alistair's Intoxication  Tmut/Pois      12%        N/A       61%         5
 Lee's Rapid Deconstruct  Erth           9%         3d7*      61%         5
 Plasma Beam              Fire/Air       9%         2x1d21    99%         6
 Statue Form              Tmut/Erth      12%        N/A       99%         6
 Summon Cactus Giant      Summ           9%         N/A       99%         6


Dungeon Overview and Level Annotations

Branches:
Dungeon (9/15) Zot: 26274  Temple (1/1) D:5 Zot: 5978    Lair (0/5) D:9
  Sewer (visited)
    Orc: D:9-12

Altars:
Cheibriados
Dithmenos
Elyvilon
Fedhas
Gozag
Hepliaklqana
Kikubaaqudgha
Nemelex Xobeh
Okawaru
Qazlal
Ru
Sif Muna
Trog
Uskayaw
Vehumet
Xom
Yredelemnul

Shops:
D:1 =   D:4 [   D:7 *   D:9 =

Annotations:
D:4 1 runed translucent door, Hapnad's ghost, novice MfSu


Message History

Press: ? - help, Shift-Dir - straight line, f/p - shadow
Aim: a shadow (83% to hit)
The searing ray misses the shadow. (Press . to maintain the ray.)
The shadow slips into darkness.
The shadow flickers and vanishes for a moment.
The searing ray hits the shadow.
The shadow is lightly damaged.
You now have 22/37 mp.
The searing ray hits the shadow.
The shadow is moderately damaged.
You now have 21/37 mp.
The searing ray misses the shadow.
You finish channelling your searing ray.
You block the shadow's attack.
You now have 20/37 mp.
Casting: Searing Ray (safe; 1% risk of failure)
Confirm with . or Enter, or press ? or * to list all spells.
Aiming: Searing Ray (safe; 1% risk of failure)
Press: ? - help, Shift-Dir - straight line, f/p - shadow
Aim: a shadow (moderately damaged, slightly transparent, 83% to hit)
The searing ray hits the shadow!
The shadow is almost destroyed. (Press . to maintain the ray.)
The shadow hits you.
You now have 18/37 mp.
The searing ray hits the shadow.
You destroy the shadow!
Your Fighting skill increases to level 8!
You now have 1013 gold pieces (gained 5). [a] 772 gold - Sessucwa's Jewellery Emporium [b] 988 gold - Yquwki's Antique Weapon Boutique [c] 873 gold - Lukhlohum's Assorted Antiques Fund which merchant?
You no longer have enough gold to petition Gozag for potion effects.
You no longer have enough gold to fund merchants seeking to open stores in the dungeon.
Sessucwa invites you to visit her Jewellery Emporium.
Unknown command.
Unknown command.
Are you sure you want to abandon this character and quit the game? (Confirm with "yes".)

#...............#..............
#...##########..#..............
#...#>.......#..####...........
#...#........#.....#.#####....#
#...#......###.....### ######
#...#......'...........
#...####+###............
#.......................
##.............@.........
#........................
#.....#####'###..........
##.....#.......#.........
.......#.......#........
.......#.......#........
.......#.......#......?.
.......#.......#........
####...+.......#


There were no monsters in sight!

Vanquished Creatures
  A cane toad (shapeshifter) (D:8)
  A troll (D:9)
  Prince Ribbit (D:9)
  Sigmund (D:3)
  A shadow (D:9)
  12 yaks
  A wyvern (D:8)
  A water moccasin (D:7)
  A black bear (D:7)
  2 orc warriors
  3 sky beasts (D:7)
  4 centaurs
  An ogre (D:4)
  A phantom (D:5)
  6 kobold brigands
  4 bullfrogs
  A gnoll sergeant (D:5)
  2 jellies
  4 scorpions
  16 wights
  5 killer bees (D:8)
  3 howler monkeys
  2 orc priests
  A gnoll bouda (D:5)
  2 hounds (D:7)
  Crazy Yiuf (D:2)
  A sleepcap (D:6)
  Jessica (D:2)
  Natasha (thrice) (D:3)
  3 iguanas
  8 orc wizards
  A mummy (D:5)
  Robin (D:2)
  12 gnolls
  7 adders
  5 river rats
  A white imp (D:5)
  A worm (D:2)
  2 dart slugs
  18 orcs
  10 ball pythons
  5 bats
  5 endoplasms
  4 giant cockroaches
  22 goblins
  2 hobgoblins
  5 jackals
  27 kobolds
  A quokka (D:4)
  5 frilled lizards
  7 rats
235 creatures vanquished.

Vanquished Creatures (others)
  A kobold brigand (D:8)
  28 fulminant prisms
29 creatures vanquished.

Grand Total: 264 creatures vanquished

Notes
Turn   | Place    | Note
-------+----------+-------------------------------------------
     0 | D:1      | Psyclone the Deep Elf Conjurer began the quest for the Orb.
     0 | D:1      | Reached XP level 1. HP: 10/10 MP: 6/6
    28 | D:2      | Found a stormy altar of Qazlal.
   142 | D:2      | Reached XP level 2. HP: 15/15 MP: 5/8
   205 | D:2      | Learned a level 2 spell: Searing Ray
   206 | D:3      | Noticed Natasha
   229 | D:4      | Reached skill level 5 in Conjurations
   311 | D:5      | Entered Level 5 of the Dungeon
   336 | D:5      | Noticed a scorpion
   347 | D:5      | Killed a scorpion
   348 | D:5      | Reached XP level 3. HP: 17/19 MP: 2/9
   348 | D:5      | Reached XP level 4. HP: 21/24 MP: 2/10
   459 | D:5      | Found a staircase to the Ecumenical Temple.
   472 | D:5      | Noticed a yak
   474 | Temple   | Entered the Ecumenical Temple
   484 | Temple   | Became a worshipper of Gozag Ym Sagoz the Greedy
   495 | D:5      | Noticed a yak
   495 | D:5      | Noticed a yak
   505 | D:5      | Noticed a yak
   566 | D:5      | Found a glowing drain.
   601 | Sewer    | Entered a sewer
   718 | Sewer    | Noticed a kobold brigand
   726 | Sewer    | Killed a kobold brigand
   727 | Sewer    | Reached XP level 5. HP: 18/28 MP: 2/11
   945 | Sewer    | Reached XP level 6. HP: 25/32 MP: 3/12
   973 | Sewer    | Reached skill level 5 in Fighting
   973 | Sewer    | Reached skill level 10 in Spellcasting
   973 | Sewer    | Reached XP level 7. HP: 45/45 MP: 7/22
   987 | Sewer    | Learned a level 4 spell: Fulminant Prism
   992 | Sewer    | Learned a level 4 spell: Iskenderun's Mystic Blast
  1742 | D:3      | Killed Natasha
  1932 | D:1      | Found Cetaas's Jewellery Emporium.
  2505 | D:2      | Noticed Jessica
  2510 | D:2      | Killed Jessica
  2590 | D:2      | Noticed Robin
  2592 | D:2      | Reached skill level 10 in Conjurations
  2609 | D:2      | Killed Robin
  2820 | D:2      | Found a runed translucent door.
  2821 | D:2      | Noticed Crazy Yiuf
  2830 | D:2      | Killed Crazy Yiuf
  3097 | D:3      | Noticed Natasha
  3100 | D:3      | Killed Natasha
  3224 | D:3      | Noticed Sigmund
  3232 | D:3      | Killed Sigmund
  3233 | D:3      | Reached XP level 8. HP: 49/51 MP: 16/24
  3557 | D:3      | Noticed Natasha
  3560 | D:3      | Killed Natasha
  3950 | D:1      | Bought the amulet of Luotuh {Reflect Int+2 Dex+4 SH+5 SInv
                  | Stlth-} for 524 gold pieces
  4158 | D:4      | Found a runed translucent door.
  4406 | D:4      | Found Haiphupu's Antique Armour Emporium.
  4576 | D:4      | You fall into a shaft and drop 2 floors!
  4783 | D:5      | Reached XP level 9. HP: 14/56 MP: 0/25
  5560 | D:5      | Found a snail-covered altar of Cheibriados.
  7009 | D:7      | Reached XP level 10. HP: 63/63 MP: 21/27
  7359 | D:7      | Found a white marble altar of Elyvilon.
  8024 | D:7      | Bought an ancient quarterstaff for 315 gold pieces
  8024 | D:7      | Identified the +1 quarterstaff "Udezev" {venom, Int+2} (You
                  | bought it in a shop on level 7 of the Dungeon)
  8135 | D:4      | Noticed Hapnad's ghost (novice MfSu)
  8271 | D:4      | Identified the +9 mace of World Downfall {flame, Will+
                  | SInv}
  8897 | D:8      | Identified a scroll of acquirement
  8897 | D:8      | Acquired 809 gold pieces
  9198 | D:8      | Found a blossoming altar of Fedhas.
  9226 | D:8      | Noticed a cane toad
  9236 | D:8      | Killed a cane toad
 10095 | D:8      | Found an ancient bone altar of Kikubaaqudgha.
 10102 | D:8      | Found a radiant altar of Vehumet.
 10192 | D:7      | Bought a bone dagger for 245 gold pieces
 10192 | D:7      | Identified the +5 dagger of the Eleven Seas {vamp, MP+9
                  | SInv} (You bought it in a shop on level 7 of the Dungeon)
 10192 | D:7      | Bought an embroidered robe for 129 gold pieces
 10540 | D:9      | Found a staircase to the Lair.
 10663 | D:9      | Found a sparkling altar of Nemelex Xobeh.
 10767 | D:9      | Identified the +2 robe of Liozacus {rPois rN+++ rCorr MP-9}
 10840 | D:9      | Noticed Prince Ribbit
 10855 | D:9      | Killed Prince Ribbit
 10982 | D:9      | Quit the game

Illustrated notes

Levels and vault maps discovered:
D:1:      onia_arrival_mini_spirals, layout_loops_ring, serial_shops, shop
D:2:      layout_rooms, basic_altar, reono_crystal_passage, minmay_tetromino_l2,
          uniq_robin, uniq_jessica, uniq_crazy_yiuf_cottage
D:3:      layout_loops_ring, uniq_sigmund, uniq_natasha
D:4:      layout_rooms, ebering_ghost_sewer_d, nicolae_take_the_stairs,
          grunt_ministairs_6, ebering_dispersal_statue_hall,
          minmay_ogre_servants
D:5:      nicolae_cairo_tiling_large, layout_basic, slow_altar_2,
          minmay_temple_entry_junction_2, portal_sewer_entry_b
D:6:      layout_cave_pools
D:7:      layout_basic, elyvilon_altar_3
D:8:      layout_basic, mainiacjoe_overflow_alcove_1,
          amethyst_overflow_temple_binary, serial_curves, eino_curves_04,
          eino_curves_03, eino_curves_02, eino_curves_02,
          chequers_serial_rivers_micro_a, minmay_misc_feat_doors
D:9:      layout_irregular_city, nemelex_altar_shiori, lair_entry_dummy,
          uniq_prince_ribbit1
Temple:   nicolae_temple_bog_church

Skill      XL: |  1  2  3  4  5  6  7  8  9 10 |
---------------+-------------------------------+-----
Conjurations   | 6 7 8 9 10 11 12 | 12.0
Fighting       | 5 6 7 8 |  8.0
Dodging        | 6 7 8 9 |  9.0
Spellcasting   | 10 11 12 | 12.0
Stealth        | |  2.4

Action                     |  1- 3 |  4- 6 |  7- 9 | 10-12 || total
---------------------------+-------+-------+-------+-------++-------
  Melee: Unarmed           |       |     6 |     1 |       ||     7
         Short sword       |       |       |    30 |       ||    30
         Dagger            |       |       |     1 |    15 ||    16
         Mace              |       |       |       |    14 ||    14
         Punch             |       |       |       |     2 ||     2
   Cast: Magic Dart        |    13 |    23 |   161 |    99 ||   296
         Searing Ray       |     3 |     8 |    29 |    34 ||    74
         Fulminant Prism   |       |       |    21 |     7 ||    28
         Iskenderun's Myst |       |       |     6 |    14 ||    20
 Invoke: Call Merchant     |       |       |       |     2 ||     2
    Use: Potion            |       |     1 |       |       ||     1
         Scroll            |       |       |       |     1 ||     1
 Armour: Robe              |       |       |    12 |    13 ||    25
  Dodge: Dodged            |    13 |     9 |    78 |   143 ||   243
  Block: Other             |       |       |     1 |    37 ||    38
         Reflection        |       |       |       |     8 ||     8
